 Dungeon Crawl Stone Soup version 0.16-a0-259-g9aa467b (webtiles) character file.

964653 Crauler the Peltast (level 27, -1/155 HPs)
             Began as a Vine Stalker Fighter on Aug 22, 2014.
             Was the Champion of the Shining One.
             Slain by a ghost moth (9 damage)
             ... on Level 19 of a ziggurat on Aug 24, 2014.
             The game lasted 09:34:05 (90641 turns).

Crauler the Peltast (Vine Stalker Fighter)         Turns: 90641, Time: 09:34:05

HP  -1/155       AC 40     Str 16      XL: 27
MP   0/43        EV 26     Int 13      God: the Shining One [******]
Gold 9265        SH 34     Dex 35      Spells: 12 memorised,  9 levels left

rFire  + + +     SeeInvis +     J - +9 quick blade (flame)
rCold  + + .     Clarity  .     w - +8 fire dragon armour
rNeg   + + +     rCorr    .     y - +8 large shield {rC+}
rPois  +         rRot     +     l - +2 helmet {Int+3}
rElec  +         Spirit   +     u - +2 cloak of Shaed {Str-2 Dex+4 Int+1}
SustAb .         Warding  +     k - +2 pair of gloves of the Sparrow {+Blink rC+ Slay+3 SInv}
rMut   .         NoTele   +     X - +2 pair of boots {run}
Gourm  .                        a - amulet of Cekugob {Ward -Tele rElec rPois rN++ AC+1 EV+1}
MR     +++..                    K - ring of Oxko {rF+ rC+ Dex+3 Stlth+}
                                n - ring "Siwnaoh" {EV+4 Str-3 Dex+4}

@: lethally poisoned, grasped by roots, glowing, constricted, slow, extremely
resistant to hostile enchantments, very unstealthy
A: fangs 3, regeneration 3, magic shield, antimagic bite, no device heal 3, rot
immunity
a: Divine Shield, Cleansing Flame, Summon Divine Warrior, Renounce Religion,
Evoke Blink
}: 6/15 runes: silver, abyssal, demonic, glowing, magical, dark


You were on level 19 of a ziggurat.
You worshipped the Shining One.
The Shining One was exalted by your worship.
You were full.

You visited 11 branches of the dungeon, and saw 55 of its levels.
You visited Pandemonium 2 times, and saw 23 of its levels.
You visited the Abyss 3 times.
You visited 1 bazaar.
You visited 2 Ziggurats, and saw 34 of their levels (deepest: 19).
You also visited: Ice Cave and Wizlab.

You collected 13808 gold pieces.
You spent 4543 gold pieces at shops.

Inventory:

Hand weapons
 J - a +9 quick blade of flaming (weapon)
 M - a +1 eudemon blade of holy wrath
 Z - a +3 quick blade
Armour
 b - the +9 armour of the Dragon King {rPois rF+ rC+ MR+}
   (You found it on level 15 of a ziggurat)

   It protects you from fire.
   It protects you from cold.
   It protects you from poison.
   It affects your resistance to hostile enchantments.
 k - the +2 pair of gloves of the Sparrow (worn) {+Blink rC+ Slay+3 SInv}
   (You found it in Pandemonium)

   It affects your accuracy and damage with ranged weapons and melee attacks
   (+3).
   It protects you from cold.
   It enhances your eyesight.
   It lets you blink.
 l - a +2 helmet of intelligence (worn)
 u - the +2 cloak of Shaed (worn) {Str-2 Dex+4 Int+1}
   (You bought it in a shop in a bazaar)

   It affects your strength (-2).
   It affects your intelligence (+1).
   It affects your dexterity (+4).
 w - a +8 fire dragon armour (worn)
 y - a +8 large shield of cold resistance (worn)
 X - a +2 pair of boots of running (worn)
 Y - the +2 large shield of Repulsion {rF++}
   (Okawaru gifted it to you on level 5 of the Depths)

   It greatly protects you from fire.
Magical devices
 B - a wand of teleportation (2)
 R - a wand of disintegration (14)
 U - a wand of digging (9)
Comestibles
 d - 41 bread rations
 q - 45 meat rations
 F - 9 beef jerkies
 T - 10 royal jellies
Scrolls
 g - 4 scrolls of summoning
 h - 32 scrolls of identify
 i - 31 scrolls of teleportation
 o - 27 scrolls of remove curse
 p - 11 scrolls of fear
 v - 8 scrolls of enchant armour
 z - 8 scrolls of blinking
 C - 22 scrolls of fog
 G - 21 scrolls of enchant weapon
 I - 11 scrolls of recharging
 Q - 13 scrolls of magic mapping
 V - 11 scrolls of holy word
Jewellery
 a - the amulet of Cekugob (around neck) {Ward -Tele rElec rPois rN++ AC+1 EV+1}
   (You found it on level 13 of a ziggurat)

   [amulet of warding]

   It may prevent the melee attacks of summoned creatures.
   It affects your AC (+1).
   It affects your evasion (+1).
   It insulates you from electricity.
   It protects you from poison.
   It greatly protects you from negative energy.
   It prevents most forms of teleportation.
 f - the amulet of the Republic {rMut Str+3 Dex-5}
   (You bought it in a shop on level 4 of the Vaults)

   [amulet of resist mutation]

   It protects you from mutation.
   It affects your strength (+3).
   It affects your dexterity (-5).
 n - the ring "Siwnaoh" (left hand) {EV+4 Str-3 Dex+4}
   (You found it on level 3 of the Crypt)

   [ring of evasion]

   It affects your evasion (+4).
   It affects your strength (-3).
   It affects your dexterity (+4).
 K - the ring of Oxko (right hand) {rF+ rC+ Dex+3 Stlth+}
   (You bought it in a shop on level 4 of the Vaults)

   [ring of protection from fire]

   It affects your dexterity (+3).
   It protects you from fire.
   It protects you from cold.
   It makes you more stealthy.
Potions
 e - 13 potions of might
 j - 12 potions of restore abilities
 m - 9 potions of curing
 r - 3 potions of resistance
 t - 10 potions of porridge
 x - 4 potions of flight
 A - 12 potions of berserk rage
 D - 9 potions of agility
 E - 4 potions of cancellation
 L - 10 potions of brilliance
 O - 8 potions of magic
 P - 9 potions of cure mutation
 S - 6 potions of haste
Rods
 H - a +9 lightning rod (4/14)
   (You found it on level 14 of a ziggurat)
 N - a +9 rod of ignition (12/12)
   (You found it on level 6 of a ziggurat)


   Skills:
 - Level 19.4 Fighting
 - Level 12.8 Short Blades
 - Level 21.3 Armour
 - Level 20.4 Dodging
 - Level 1.0 Stealth
 - Level 25.0 Shields
 - Level 11.0 Spellcasting
 - Level 10.4 Hexes
 - Level 14.0 Charms
 - Level 6.0 Summonings
 - Level 4.3 Translocations
 + Level 12.4 Transmutations
 - Level 14.0 Air Magic
 + Level 12.2 Earth Magic
 - Level 4.1 Poison Magic
 + Level 19.9 Invocations
 - Level 6.1 Evocations


You had 9 spell levels left.
You knew the following spells:

 Your Spells              Type           Power        Failure   Level  Hunger
a - Apportation           Tloc           ###.......   2%          1    None
b - Blink                 Tloc           N/A          4%          2    None
c - Cure Poison           Pois           ###.......   6%          2    None
d - Shroud of Golubria    Chrm/Tloc      ####......   1%          2    None
e - Stoneskin             Trmt/Erth      #####...     1%          2    None
f - Summon Butterflies    Summ           ###.....     1%          1    None
g - Statue Form           Trmt/Erth      #####....    17%         6    ######.
h - Flight                Chrm/Air       #####.....   1%          3    #......
i - Haste                 Chrm           #####...     10%         6    ######.
j - Deflect Missiles      Chrm/Air       #####.....   10%         6    ######.
k - Silence               Hex/Air        #####.....   2%          5    #####..
l - Spectral Weapon       Hex/Chrm       #####...     1%          3    #......


Dungeon Overview and Level Annotations

Branches:
Dungeon (15/15)            Temple (1/1) D:7             Orc (4/4) D:10
    Elf (3/3) Orc:3          Lair (8/8) D:8          Shoals (5/5) Lair:3
  Snake (5/5) Lair:5        Slime (0/6) Lair:8       Vaults (5/5) D:14
  Crypt (3/3) Vaults:2       Tomb (0/3) Crypt:3      Depths (5/5) D:15
   Hell (1/1)                 Dis (0/7) Hell            Geh (0/7) Hell
    Coc (0/7) Hell            Tar (0/7) Hell            Zot (0/5) Depths:5

Altars:
Ashenzari
Cheibriados
Dithmenos
Elyvilon
Fedhas
Gozag
Kikubaaqudgha
Makhleb
Nemelex Xobeh
Okawaru
Qazlal
Sif Muna
Trog
Vehumet
Xom
Yredelemnul
Zin
The Shining One
Beogh
Lugonu

Shops:
D:9 *   D:15 }   Orc:4 [*=((   Elf:2 (   Shoals:4 ?   Snake:1 !(:[   Vaults:4 =
Vaults:5 ???=?[%%   Depths:1 :?:(

Portals:
Hell: Depths:1 Depths:2 Depths:3 Depths:4 Depths:5
Abyss: Depths:4 Depths:5
Pandemonium: Depths:3 Depths:5
Ziggurat: Depths:5
Trove: Elf:1 (show slimy rune of Zot)

Annotations:
Shoals:5 1 exclusion
Snake:5 1 exclusion


Innate Abilities, Weirdness & Mutations

You have razor-sharp teeth.
You regenerate.
When hurt, damage is shared between your health and your magic reserves.
Your bite disrupts and absorbs the magic of your enemies.
Potions and wands cannot restore your health.
You are immune to rotting.


Message History

Unknown command.
Unknown command.
Unknown command.
Unknown command.
Unknown command.
Unknown command.
Unknown command.
Are you sure you want to leave this Ziggurat?
Okay, then.
Put on which piece of jewellery? (? for menu, Esc to quit)
a - the amulet of Cekugob (around neck) {Ward -Tele rElec rPois rN++ AC+1 EV+1} The greater naga is no longer moving quickly.
The greater naga points at you and mumbles some strange words.
The bolt of poison misses you. You block the naga mage's attack.
The moth of wrath goads the emperor scorpion on!
The emperor scorpion goes berserk!
You block the merfolk javelineer's attack.
The ghost moth stares at you. The ghost moth barely misses you.
The ghost moth hits you!
You die...

. .. .
..▓▓▓▓▓▓▓▓▓▓▓ ...
#..........P▓
....# #.....s.NyP▓
.....##......:tSS▓
............fttXm▓
..........f(smsy@▓
....PP(.((.(ssSNt▓
....Pf......ctmNy▓
.....%.......)sNP▓
..f..##P.....[)PP▓
..fS# #........PP▓
...s##...........▓
..S.c..▓▓▓▓▓▓▓▓▓▓▓
.......▓


You could see 3 alligator snapping turtles, a tentacled monstrosity, 3 emperor
scorpions, a thorn hunter, a shambling mangrove, 3 greater nagas, 3 merfolk
javelineers, an alligator, 2 ghost moths, a satyr, a snapping turtle (berserk),
a demonic crawler, a moth of wrath (roused), a guardian serpent (roused), an orb
spider (roused), a naga mage (roused), a jumping spider (roused) and 2 water
moccasins.

Vanquished Creatures
  Gloorx Vloq (Pan)
  Mnoleg (Pan)
  Lom Lobon (Pan)
  5 orbs of fire (Zig:16)
  4 ancient liches
  Khufu (Crypt:3)
  Saint Roka (Elf:2)
  A seraph (Pan)
  Sojobo (Depths:5)
  Norris (Vaults:1)
  4 Killer Klowns (Zig:13)
  Geryon (Hell)
  8 golden dragons
  2 Brimstone Fiends
  A profane servitor (Crypt:3)
  8 bone dragons
  Frederick (Depths:3)
  Nikola (Elf:1)
  2 pearl dragons (Pan)
  7 liches
  4 Hell Sentinels (Pan)
  2 acid blobs (shapeshifter) (Zig:13)
  11 pandemonium lords
  13 Ice Fiends
  8 tentacled monstrosities
  4 Shadow Fiends
  6 deep elf blademasters
  Murray (Hell)
  35 Executioners
  8 deep elf master archers
  3 quicksilver dragons
  A quicksilver dragon (shapeshifter) (Zig:13)
  4 acid blobs (Zig:8)
  24 titans
  7 sphinxes
  Polyphemus (Shoals:3)
  4 storm dragons (Vaults:5)
  2 krakens
  3 thorn hunters
  13 tengu reavers
  An ancient champion (Crypt:3)
  17 daevas
  11 tentacled starspawn
  Rupert (Lair:4)
  Frances (Elf:1)
  10 shadow dragons
  8 warmongers (Pan)
  2 draconian monks (Zig:11)
  11 greater nagas
  Ilsuiw (Shoals:5)
  A revenant (Crypt:3)
  30 fire giants
  5 chaos champions
  10 draconian knights
  13 deep elf sorcerers
  Maud (Lair:4)
  18 vault wardens
  2 draconian scorchers
  3 iron dragons
  Aizul (Elf:1)
  Louise (Elf:2)
  42 cacodemons
  31 frost giants
  24 balrugs
  9 emperor scorpions
  Gastronok (D:8)
  6 ghost moths
  A draconian zealot (Zig:11)
  7 orc warlords
  2 ghouls
  Jorgrun (Crypt:1)
  5 blood saints (Pan)
  30 angels (Pan)
  10 very ugly things
  4 draconian annihilators (Pan)
  17 reapers
  31 rakshasas
  4 war gargoyles
  16 deep elf demonologists
  2 spriggan defenders (Depths:2)
  4 draconian shifters
  2 grey draconians
  13 ophanim (Pan)
  2 curse skulls
  49 starcursed masses
  8 corrupters (Pan)
  38 stone giants
  27 apis (Pan)
  4 salamander firebrands (Hell)
  A stone giant (shapeshifter) (Zig:13)
  A draconian caller (Zig:11)
  2 red draconians
  A white draconian (Depths:5)
  2 yellow draconians
  18 deep elf annihilators
  9 lorocyprocas
  2 dire elephants
  4 black draconians
  A mottled draconian (Zig:11)
  A dire elephant (shapeshifter) (Zig:13)
  A mottled draconian (shapeshifter) (Depths:5)
  12 black suns
  4 eidola
  19 purple draconians
  An unborn (Crypt:3)
  4 minotaurs
  Snorg (Lair:8)
  8 merfolk javelineers
  24 blizzard demons
  2 mummy priests (Crypt:3)
  7 deep elf death magi
  33 vault guards
  11 merfolk impalers
  21 jiangshi
  2 death cobs (Crypt:3)
  18 yaktaur captains
  15 ettins
  9 fire dragons
  20 ironheart preservers
  9 deep elf high priests
  A spectral tengu (Zig:12)
  24 hydras
  A spectral golden dragon (Zig:12)
  17 green deaths
  17 great orbs of eyes
  Fannar (Lair:8)
  21 naga warriors
  12 spriggan air magi
  19 ice dragons
  19 monstrous demonspawn (Pan)
  19 anacondas
  7 sirens
  Nessos (Elf:1)
  9 statues (WizLab)
  10 deep troll shamans
  Erica (Lair:8)
  9 centaur warriors
  5 alligator snapping turtles
  10 ogre magi
  2 shambling mangroves
  7 alligators
  2 ravenous feature mimics
  7 satyrs
  5 death knights
  2 vampire magi
  12 merfolk aquamancers
  A dancing weapon (Zig:7)
  30 thrashing horrors
  58 death yaks
  5 tengu warriors
  18 sun demons
  13 naga sharpshooters
  A shock serpent (shapeshifter) (Depths:4)
  7 deep troll earth magi
  9 orc high priests
  4 catoblepae
  3 hell hogs (Hell)
  5 spriggan berserkers
  2 titan skeletons
  4 iron trolls
  23 soul eaters
  18 shadow wraiths
  7 shock serpents
  20 wretched stars
  36 skeletal warriors
  20 deep elf knights
  9 ice devils
  A swamp dragon (shapeshifter) (Elf:2)
  8 salamander mystics
  4 golden dragon zombies
  7 hell knights
  A ghost moth zombie (Crypt:2)
  A quicksilver dragon simulacrum (Abyss:3)
  4 orb spiders
  4 wizards (Pan)
  12 cherubim (Pan)
  70 large abominations
  7 giant orange brains
  14 sea snakes
  6 flayed ghosts
  12 swamp dragons
  8 spatial maelstroms
  15 gelid demonspawn (Pan)
  24 hell beasts
  10 deep elf summoners
  2 spriggan druids
  An anaconda zombie (Hell)
  4 unseen horrors
  22 infernal demonspawn
  30 deep trolls
  10 shadow demons
  11 torturous demonspawn (Pan)
  A death drake (Zig:10)
  15 naga ritualists
  6 necromancers
  2 ice statues (IceCv)
  12 hellions
  An anaconda skeleton (Pan)
  A shadow dragon zombie (Zig:12)
  21 ironbrand convokers
  A golden dragon skeleton (Crypt:1)
  16 putrid demonspawn (Pan)
  30 harpies
  26 hill giants
  4 lindwurms (Snake:5)
  15 deep elf conjurers
  2 stone giant zombies
  16 mana vipers
  13 orc knights
  7 wolf spiders
  An iron dragon zombie (Crypt:1)
  38 ugly things
  8 red wasps
  14 griffons
  7 phantasmal warriors
  3 oklob plants
  2 sphinx zombies
  11 orc sorcerers
  A shadow dragon skeleton (Crypt:3)
  17 fauns
  13 salamanders
  3 fire giant zombies
  2 frost giant zombies
  An octopode (shapeshifter) (Depths:4)
  10 cyclopes
  37 black mambas
  7 worldbinders
  14 guardian serpents
  A mermaid (shapeshifter) (Vaults:5)
  19 manticores
  A black mamba (shapeshifter) (Depths:3)
  2 red wasps (shapeshifter) (Vaults:2)
  A moth of wrath (shapeshifter) (Zig:14)
  58 sixfirhies
  8 water nymphs
  A storm dragon simulacrum (Zig:15)
  8 elephants
  2 elf zombies
  4 apocalypse crabs
  A shining eye (shapeshifter) (Vaults:3)
  A frost giant skeleton (Pan)
  2 drowned souls
  A fire giant skeleton (Vaults:2)
  A guardian serpent (shapeshifter) (Zig:14)
  Maurice (D:11)
  6 stone giant skeletons
  5 moths of wrath
  A molten gargoyle (Depths:1)
  2 shining eyes
  Joseph (D:8)
  A dire elephant zombie (Hell)
  18 vault sentinels
  An eye of devastation (shapeshifter) (Elf:2)
  15 spiny frogs
  8 mermaids
  52 orange demons
  2 gargoyles
  10 iron devils
  An orange crystal statue (Elf:2)
  27 naga magi
  4 torpor snails
  A dire elephant skeleton (Crypt:1)
  67 yaktaurs
  An item mimic (Orc:3)
  66 smoke demons
  A yaktaur (shapeshifter) (Depths:2)
  10 tormentors
  A red draconian zombie (Crypt:1)
  5 fire drakes
  18 freezing wraiths
  A mottled draconian zombie (Crypt:1)
  17 demonic crawlers
  2 jumping spiders (shapeshifter)
  9 efreet
  A pale draconian skeleton (Crypt:1)
  A mana viper zombie (Crypt:2)
  16 ancient zymes
  9 komodo dragons
  A black draconian skeleton (Crypt:2)
  45 hellwings
  7 kobold demonologists
  9 trolls
  15 deep elf priests
  11 guardian mummies
  A ghoul skeleton (Crypt:2)
  2 giant leeches
  A komodo dragon (shapeshifter) (D:15)
  3 tengu conjurers
  5 jumping spiders
  3 polar bears
  2 hydra zombies (Hell)
  46 merfolk
  4 fire vortices
  3 shadow dragon simulacra
  32 red devils
  23 blue devils
  A death drake skeleton (Crypt:1)
  6 wind drakes
  A giant leech (shapeshifter) (Zig:14)
  A troll (shapeshifter) (Vaults:4)
  10 raiju
  A hydra skeleton (Hell)
  11 ravens
  6 bog bodies
  11 two-headed ogres
  11 boulder beetles
  A frost giant simulacrum (Depths:3)
  2 ettin zombies (Zig:7)
  19 snapping turtles
  43 slime creatures
  A satyr zombie (Crypt:1)
  7 blink frogs
  2 catoblepas skeletons (Abyss:5)
  2 tarantellas (shapeshifter)
  3 alligator zombies (Hell)
  A red wasp zombie (Zig:17)
  A basilisk (shapeshifter) (Vaults:4)
  2 ettin skeletons (Vaults:2)
  A trapdoor spider (shapeshifter) (Vaults:5)
  4 trapdoor spiders
  9 redbacks
  11 human skeletons
  2 tarantellas (Zig:9)
  76 yaks
  2 ice dragon skeletons
  16 air elementals
  7 basilisks
  7 wyverns
  3 fire bats (Orc:4)
  59 flying skulls
  A guardian serpent skeleton (Crypt:2)
  2 hill giant zombies
  10 spriggans
  A human (shapeshifter) (Elf:1)
  6 shadows
  44 deep elf magi
  33 ynoxinuls
  14 water elementals
  7 wraiths
  Eustachio (D:7)
  19 chaos spawn
  A yak (shapeshifter) (Depths:2)
  4 hungry ghosts
  3 hill giant skeletons
  14 hippogriffs
  5 vampires
  8 fire elementals
  15 vampire mosquitoes
  4 golden eyes (Pan)
  A wolf (shapeshifter) (Depths:4)
  4 human zombies
  37 neqoxecs
  4 wolves
  39 deep elf fighters
  17 spatial vortices
  43 nagas
  A spiny frog zombie (Hell)
  30 water moccasins
  A deep troll skeleton (Vaults:2)
  9 porcupines
  A hydra simulacrum (Hell)
  15 wargs
  2 ogre skeletons
  3 black bears
  A merfolk skeleton (Crypt:1)
  26 small abominations
  12 hell hounds
  An ice dragon simulacrum (D:15)
  5 necrophages
  A snapping turtle zombie (Hell)
  11 yellow wasps
  23 ice beasts
  An alligator simulacrum (Crypt:2)
  A spider (Zig:8)
  77 orc warriors
  A swamp dragon zombie (Crypt:1)
  A fire dragon simulacrum (Crypt:2)
  21 centaurs
  2 phantoms (D:6)
  3 swamp drakes
  A human simulacrum (Vaults:2)
  10 crocodiles
  47 ogres
  A lindwurm skeleton (Crypt:1)
  11 boggarts
  8 sky beasts
  A boring beetle (shapeshifter) (Abyss:5)
  A snapping turtle skeleton (Crypt:2)
  A manticore zombie (D:14)
  A boring beetle (Zig:14)
  4 big kobolds
  Duvessa (D:7)
  A brain worm (Abyss:3)
  19 giant frogs
  A monstrous demonspawn simulacrum (Abyss:5)
  A spiny frog simulacrum (Abyss:5)
  A glowing shapeshifter simulacrum (Zig:15)
  A cyclops zombie (D:13)
  13 killer bees
  4 earth elementals (Abyss:5)
  5 scorpions
  2 cyclops skeletons
  A hippogriff zombie (D:6)
  A yak zombie (D:8)
  An insubstantial wisp (Abyss:3)
  3 eyes of draining
  A spriggan zombie (Crypt:2)
  A boulder beetle zombie (D:14)
  A hippogriff skeleton (D:14)
  2 elf skeletons
  A goliath beetle (D:9)
  21 wights
  A manticore simulacrum (D:15)
  A troll skeleton (D:13)
  2 centaur zombies
  Dowan (D:7)
  11 crimson imps
  4 electric eels
  5 jellies
  9 quasits
  A two-headed ogre zombie (D:6)
  21 hounds
  A formicid zombie (Crypt:2)
  A kobold skeleton (D:9)
  26 orc priests
  A giant frog skeleton (D:7)
  8 iron imps
  32 orc wizards
  A porcupine zombie (Crypt:2)
  11 iguanas
  8 worker ants
  7 lightning spires
  4 orange rats
  28 sheep
  2 ogre zombies (Zig:12)
  A tengu skeleton (Crypt:1)
  A mottled dragon skeleton (D:14)
  7 mummies
  A worker ant zombie (D:6)
  9 gnolls (Depths:4)
  65 green rats
  3 scorpion zombies
  29 adders
  14 orc zombies
  A giant mite (D:7)
  6 shadow imps
  4 worms
  14 white imps
  60 ufetubi
  2 giant eyeballs (Pan)
  5 giant geckos
  An ooze (D:1)
  226 orcs
  4 ball pythons
  10 giant cockroaches
  16 hobgoblins
  13 jackals
  16 bats
  6 giant newts
  27 goblins
  A hobgoblin skeleton (D:4)
  A hobgoblin zombie (D:5)
  21 kobolds
  A lurking horror (Abyss:3)
  3 orc skeletons
  13 quokkas
  A quokka zombie (D:8)
  13 rats
  A briar patch (Zig:10)
  A bush (Abyss:3)
  6 crawling corpses
  3 grand avatars (Pan)
  A plant (Abyss:3)
  3 starspawn tentacles
  7 tentacles
4808 creatures vanquished.

Vanquished Creatures (others)
  A pandemonium lord (Zig:11)
  A fire giant (Crypt:3)
  A vault warden (Vaults:2)
  A blood saint (Pan)
  A stone giant (Vaults:5)
  A deep elf high priest (Vaults:5)
  2 spectral weapons
  3 rakshasas
  An ogre mage (Vaults:5)
  A titan zombie (Zig:17)
  The ghost of runewalsh the Martial Artist, an experienced OpTm of Ashenzari (D:9)
  A ball lightning (Pan)
  A torturous demonspawn (Pan)
  2 mana vipers
  A deep elf conjurer (Zig:14)
  9 drowned souls
  A black mamba (Zig:15)
  2 fire drakes (Zig:16)
  A boulder beetle (Zig:3)
  A water elemental (Zig:18)
  A golden eye (Abyss:5)
  2 deep elf magi
  A water moccasin (Zig:15)
  A chaos spawn (Pan)
  An orc warrior (Zig:12)
  A swamp drake (Zig:14)
  11 lost souls
  An eye of draining (Abyss:5)
  An orc wizard (Orc:4)
  A gnoll (Depths:4)
  A white imp (IceCv)
  5 ufetubi
  A giant eyeball (Pan)
  3 orcs (Orc:3)
  2 lurking horrors
  7 briar patches
  15 butterflies (WizLab)
  A fungus (Lair:1)
  4 plants
  17 starspawn tentacles
  157 starspawn tentacle segments
  7 tentacles
  129 tentacle segments
403 creatures vanquished.

Grand Total: 5211 creatures vanquished

Notes
Turn   | Place    | Note
--------------------------------------------------------------
     0 | D:1      | Crauler, the Vine Stalker Fighter, began the quest for the Orb.
     0 | D:1      | Reached XP level 1. HP: 11/11 MP: 1/1
    69 | D:1      | Reached XP level 2. HP: 13/16 MP: 3/3
   178 | D:1      | Reached skill level 3 in Shields
   481 | D:1      | Reached XP level 3. HP: 19/19 MP: 4/4
   682 | D:2      | Reached skill level 1 in Dodging
   820 | D:2      | Found a glowing silver altar of Zin.
  1294 | D:2      | Reached XP level 4. HP: 23/23 MP: 5/5
  1349 | D:2      | Found a burning altar of Makhleb.
  1986 | D:3      | Reached XP level 5. HP: 22/28 MP: 7/7
  2393 | D:4      | Noticed an ogre
  2409 | D:4      | Killed an ogre
  2409 | D:4      | Gained mutation: You heal very quickly. [vine stalker growth]
  2409 | D:4      | Reached XP level 6. HP: 21/32 MP: 8/8
  3028 | D:5      | Entered Level 5 of the Dungeon
  3193 | D:5      | Found a shadowy altar of Dithmenos.
  3381 | D:5      | Reached skill level 1 in Stealth
  3508 | D:5      | Reached skill level 4 in Shields
  3521 | D:5      | Reached XP level 7. HP: 36/36 MP: 9/9
  4349 | D:6      | Found a blossoming altar of Fedhas.
  4616 | D:6      | Gained mutation: You have razor-sharp teeth. [vine stalker growth]
  4616 | D:6      | Reached XP level 8. HP: 29/42 MP: 9/11
  4994 | D:6      | Reached skill level 5 in Shields
  5019 | D:6      | Reached skill level 5 in Short Blades
  5066 | D:6      | Reached XP level 9. HP: 15/46 MP: 5/12
  5348 | D:6      | Reached skill level 5 in Fighting
  5601 | D:7      | Noticed Duvessa
  5603 | D:7      | Noticed Dowan
  5619 | D:7      | Killed Duvessa
  5634 | D:7      | Killed Dowan
  5661 | D:7      | Found an opulent altar of Gozag.
  5697 | D:7      | Found a white marble altar of Elyvilon.
  5860 | D:7      | Noticed Eustachio
  5872 | D:7      | Killed Eustachio
  5872 | D:7      | Reached skill level 6 in Short Blades
  5940 | D:7      | Found a staircase to the Ecumenical Temple.
  5954 | Temple   | Entered the Ecumenical Temple
  6390 | D:7      | Reached skill level 5 in Armour
  6681 | D:8      | Noticed Gastronok
  6719 | D:8      | Killed Gastronok
  6719 | D:8      | Reached skill level 7 in Short Blades
  6719 | D:8      | Reached skill level 5 in Dodging
  6719 | D:8      | Reached XP level 10. HP: 35/53 MP: 11/13
  6818 | D:8      | Noticed Joseph
  6880 | D:8      | Killed Joseph
  7162 | D:8      | Found a staircase to the Lair.
  7236 | D:8      | Reached skill level 8 in Short Blades
  7554 | D:8      | Found a snail-covered altar of Cheibriados.
  7554 | D:8      | Found an iron altar of Okawaru.
  7556 | D:8      | Found a sparkling altar of Nemelex Xobeh.
  7559 | D:8      | Found a shattered altar of Ashenzari.
  7560 | D:8      | Found a shimmering altar of Xom.
  7565 | D:8      | Became a worshipper of Warmaster Okawaru
  7571 | D:8      | Found a stormy altar of Qazlal.
  7722 | D:8      | Got a wizard robe
  7825 | D:8      | Identified the cursed +0 robe of Free Expression {rElec rPois Int+3} (You found it on level 8 of the Dungeon)
  7970 | D:9      | Killed runewalsh's ghost
  7989 | D:9      | Reached XP level 11. HP: 38/58 MP: 15/15
  8072 | D:9      | Noticed a manticore
  8089 | D:9      | Killed a manticore
  8299 | D:9      | Acquired Okawaru's first power
  8487 | D:9      | Found Acailudo's Demolitions Depot.
  8510 | D:9      | Reached skill level 9 in Short Blades
  8520 | D:10     | Entered Level 10 of the Dungeon
  8520 | D:10     | Noticed a hill giant
  8531 | D:10     | Killed a hill giant
  8559 | D:9      | HP: 2/58 [orc warrior/dire flail (12)]
  8692 | D:10     | Found a staircase to the Orcish Mines.
  8865 | D:10     | Noticed a hill giant
  8880 | D:10     | Killed a hill giant
  9150 | D:10     | Noticed a hill giant
  9163 | D:10     | Killed a hill giant
  9163 | D:10     | Reached skill level 10 in Short Blades
  9338 | D:10     | Upgraded the game from 0.16-a0-249-g5922f4d to 0.16-a0-253-g996e5b4
  9556 | D:11     | Noticed a hill giant
  9567 | D:11     | Killed a hill giant
  9567 | D:11     | Gained mutation: You regenerate. [vine stalker growth]
  9567 | D:11     | Reached XP level 12. HP: 63/63 MP: 16/16
  9577 | D:11     | Noticed Maurice
  9602 | D:11     | Killed Maurice
 11007 | D:13     | Acquired Okawaru's second power
 11146 | D:13     | Found a frozen archway.
 11241 | IceCv    | Entered an ice cave
 11376 | IceCv    | Reached skill level 11 in Short Blades
 11551 | IceCv    | Reached XP level 13. HP: 14/69 MP: 17/17
 11606 | IceCv    | Identified Sif Muna's Volume of Noxious Shape Shifting
 12218 | D:13     | Received a gift from Okawaru
 12647 | D:14     | Found a shattered altar of Ashenzari.
 12748 | D:14     | Received a gift from Okawaru
 13061 | D:14     | Reached skill level 12 in Short Blades
 13221 | D:14     | Got a shimmering marble ring
 13222 | D:14     | Identified the ring of Xom's Wrath {rElec Stlth+} (You found it on level 14 of the Dungeon)
 13470 | D:14     | Found a gate to the Vaults.
 13470 | D:14     | Noticed a vault guard
 13498 | D:14     | Killed a vault guard
 13579 | D:15     | Entered Level 15 of the Dungeon
 13748 | D:15     | Found Pagrag's Gadget Shop.
 13772 | D:15     | Reached XP level 14. HP: 71/75 MP: 18/18
 13998 | D:15     | Cast into the Abyss (ogre mage)
 14256 | Abyss:1  | Noticed a bone dragon
 14278 | Abyss:1  | Noticed a bone dragon
 14518 | Abyss:1  | Got a brightly glowing scale mail
 14531 | D:15     | Escaped the Abyss
 14531 | D:15     | Noticed an ettin
 14594 | D:14     | Identified the cursed -9 scale mail "Blolal" {Str+2 Dex-2} (You found it on level 1 of the Abyss)
 14671 | D:15     | Killed an ettin
 14681 | D:15     | Received a gift from Okawaru
 14758 | D:15     | Found a staircase to the Depths.
 14945 | D:15     | Found a shadowy altar of Dithmenos.
 14953 | D:15     | Reached skill level 10 in Shields
 15046 | D:15     | Reached skill level 1 in Invocations
 15103 | D:15     | Reached skill level 10 in Fighting
 15315 | D:15     | Received a gift from Okawaru
 15700 | Orc:1    | Entered Level 1 of the Orcish Mines
 16660 | Orc:3    | Found a staircase to the Elven Halls.
 16729 | Orc:3    | Found a roughly hewn altar of Beogh.
 16992 | Orc:3    | Noticed an orc warlord
 16992 | Orc:3    | Noticed an orc warlord
 17015 | Orc:3    | Killed an orc warlord
 17033 | Orc:3    | Killed an orc warlord
 17328 | Orc:3    | Got a pitted leather armour
 17656 | Orc:3    | Reached XP level 15. HP: 76/81 MP: 25/25
 17675 | Orc:3    | Reached skill level 5 in Invocations
 17896 | Orc:3    | Received a gift from Okawaru
 17909 | Orc:3    | Noticed a stone giant
 17939 | Orc:3    | Killed a stone giant
 18228 | Orc:4    | Entered Level 4 of the Orcish Mines
 18228 | Orc:4    | Found Qasyum's Antique Weapon Emporium.
 18422 | Orc:4    | Identified the +2 leather armour of the Iron City of Dis {Dex+2 Int-3} (You found it on level 3 of the Orcish Mines)
 18546 | Orc:4    | Found Hatriang's General Store.
 18828 | Orc:4    | Found Weoxa's Antique Weapon Boutique.
 18866 | Orc:4    | Found Ularch Aliu's Jewellery Shoppe.
 18898 | Orc:4    | Reached skill level 10 in Armour
 19121 | Orc:4    | Found Osiusiux's Antique Armour Emporium.
 19346 | Orc:4    | Found a roughly hewn altar of Beogh.
 19437 | Orc:4    | Bought a runed shield for 126 gold pieces
 19451 | Orc:4    | Bought a runed helmet for 126 gold pieces
 19581 | Lair:1   | Entered Level 1 of the Lair of Beasts
 20056 | Lair:1   | Got a crude ring mail
 20250 | Lair:1   | Received a gift from Okawaru
 20274 | Lair:1   | Identified the +1 ring mail of Foirin {Slay+4} (You found it on level 1 of the Lair of Beasts)
 20689 | Lair:1   | Learned a level 1 spell: Apportation
 20692 | Lair:1   | Learned a level 2 spell: Blink
 20695 | Lair:1   | Learned a level 2 spell: Cure Poison
 20698 | Lair:1   | Learned a level 2 spell: Shroud of Golubria
 20701 | Lair:1   | Learned a level 2 spell: Stoneskin
 20707 | Lair:1   | Gained mutation: You are resistant to hostile enchantments. [potion of mutation]
 20707 | Lair:1   | Gained mutation: Your magical capacity is low (-10% MP). [potion of mutation]
 20707 | Lair:1   | Gained mutation: You are highly resistant to hostile enchantments. [potion of mutation]
 20712 | Lair:1   | Gained mutation: You can breathe flames. [potion of beneficial mutation]
 21523 | Lair:2   | Identified a +1 rod of the swarm (11/11) (You found it on level 2 of the Lair of Beasts)
 21645 | Lair:2   | Reached skill level 1 in Charms
 22004 | Lair:3   | Reached skill level 10 in Dodging
 22004 | Lair:3   | Reached skill level 1 in Poison Magic
 22157 | Lair:3   | Reached skill level 1 in Translocations
 22572 | Lair:3   | Found a staircase to the Shoals.
 22689 | Lair:4   | Noticed Rupert
 22705 | Lair:4   | Killed Rupert
 22716 | Lair:4   | Reached XP level 16. HP: 87/87 MP: 25/25
 22829 | Lair:4   | Noticed Maud
 22845 | Lair:4   | Killed Maud
 23390 | Lair:5   | Identified a scroll of acquirement
 23493 | Lair:5   | Found a staircase to the Snake Pit.
 25257 | Lair:7   | Received a gift from Okawaru
 25337 | Lair:7   | Learned a level 1 spell: Summon Butterflies
 25475 | Lair:7   | Reached skill level 1 in Summonings
 25805 | Lair:8   | Entered Level 8 of the Lair of Beasts
 25836 | Lair:8   | Noticed Fannar
 25867 | Lair:8   | Killed Fannar
 25967 | Lair:8   | Noticed Erica
 25975 | Lair:8   | Killed Erica
 26010 | Lair:8   | Reached skill level 5 in Summonings
 26016 | Lair:8   | Received a gift from Okawaru
 26434 | Lair:8   | Received a gift from Okawaru
 26437 | Lair:8   | Got an ichor-stained hand axe {god gift}
 26769 | Lair:8   | Found a staircase to the Slime Pits.
 26790 | Lair:8   | Reached XP level 17. HP: 91/91 MP: 26/26
 26898 | Lair:8   | Noticed Snorg
 26908 | Lair:8   | Killed Snorg
 27441 | Snake:1  | Entered Level 1 of the Snake Pit
 27481 | Snake:1  | Found Iqyl's Weapon Shoppe.
 27571 | Snake:1  | Found Cocozangu's Distillery.
 27574 | Snake:1  | Bought a potion of haste for 105 gold pieces
 27626 | Snake:1  | Found Ejuut's Book Shoppe.
 27712 | Snake:1  | Found Huano's Armour Shop.
 28055 | Snake:2  | Received a gift from Okawaru
 28120 | Snake:2  | Got a slimy dagger {god gift}
 28126 | Snake:2  | Identified the +4 dagger of Optimality {freeze, rF+ rC+ Str-1} (Okawaru gifted it to you on level 2 of the Snake Pit)
 28805 | Snake:3  | Received a gift from Okawaru
 29433 | Snake:4  | Received a gift from Okawaru
 29814 | Snake:4  | Reached XP level 18. HP: 85/99 MP: 26/26
 30060 | Snake:5  | Entered Level 5 of the Snake Pit
 30757 | Snake:5  | Received a gift from Okawaru
 30866 | Snake:5  | Reached skill level 13 in Shields
 31249 | Snake:5  | Received a gift from Okawaru
 31861 | Lair:1   | Lost mutation: Your magical capacity is low (-10% MP). [helix card]
 32014 | Elf:1    | Entered Level 1 of the Elven Halls
 32120 | Elf:1    | Reached XP level 19. HP: 105/105 MP: 30/30
 32139 | Elf:1    | Received a gift from Okawaru
 32166 | Elf:1    | Noticed Aizul
 32175 | Elf:1    | Learned a level 6 spell: Statue Form
 32201 | Elf:1    | Killed Aizul
 32555 | Elf:1    | Noticed Frances
 32567 | Elf:1    | Killed Frances
 32589 | Elf:1    | Found a portal to a secret trove of treasure.
 32638 | Elf:1    | Noticed Nikola
 32657 | Elf:1    | Killed Nikola
 32658 | Elf:1    | Noticed Nessos
 32669 | Elf:1    | Killed Nessos
 33123 | Elf:2    | Noticed Saint Roka
 33160 | Elf:2    | Killed Saint Roka
 33287 | Elf:2    | Found Koiczah's Weapon Boutique.
 33412 | Elf:2    | Received a gift from Okawaru
 33584 | Elf:2    | Noticed Louise
 33615 | Elf:2    | Killed Louise
 34134 | Elf:3    | Entered Level 3 of the Elven Halls
 34231 | Elf:3    | Found a magical portal.
 34236 | WizLab   | Entered Iskenderun's Mystic Tower
 34370 | WizLab   | Received a gift from Okawaru
 34380 | WizLab   | Reached skill level 14 in Shields
 34847 | WizLab   | Identified Iskenderun's Disquisition on Igneous Damage Dealing
 34847 | WizLab   | Identified Iskenderun's Papyrus of Confrontation
 35545 | Elf:3    | Reached skill level 1 in Spellcasting
 35710 | Elf:3    | Learned a level 3 spell: Flight
 35736 | Elf:3    | Reached skill level 1 in Air Magic
 35767 | Elf:3    | Reached XP level 20. HP: 83/111 MP: 24/31
 35772 | Elf:3    | Reached skill level 5 in Charms
 35961 | Elf:3    | Received a gift from Okawaru
 36231 | Elf:3    | Received a gift from Okawaru
 36349 | Elf:3    | Identified a +4 rod of destruction (9/9) (You found it on level 3 of the Elven Halls)
 36385 | Elf:3    | Got a pitted lead ring
 36392 | Elf:3    | Identified the Reference Book on Excruciating Hexes
 36412 | Elf:3    | Identified Amalotyn's Tome of Spatial Snow
 36414 | Elf:3    | Identified Mid Xasm's Tome of Creative Augmentations
 36422 | Elf:3    | Identified the ring "Prosharch" {rPois Dex-2 SInv} (You took it off a deep elf high priest on level 3 of the Elven Halls)
 36449 | Elf:3    | Got a shimmering scale mail
 36462 | Elf:3    | Identified the +1 scale mail "Shrittuf" {rElec} (You found it on level 3 of the Elven Halls)
 36477 | Elf:3    | Got a shimmering leather armour
 36488 | Elf:3    | Identified the +1 leather armour "Plior" {rN+ Slay+4} (You took it off a deep elf high priest on level 3 of the Elven Halls)
 36890 | Lair:1   | Learned a level 6 spell: Haste
 37022 | Shoals:1 | Entered Level 1 of the Shoals
 38188 | Shoals:2 | Received a gift from Okawaru
 38990 | Shoals:3 | Reached XP level 21. HP: 94/116 MP: 31/31
 39087 | Shoals:4 | Noticed Polyphemus
 39169 | Shoals:3 | Killed Polyphemus
 39357 | Shoals:4 | Reached skill level 15 in Shields
 39369 | Shoals:4 | Reached skill level 15 in Fighting
 39413 | Shoals:4 | Got an obsidian-encrusted ring mail
 39425 | Shoals:4 | Identified the +1 ring mail "Psala" {+Rage rPois} (You found it on level 4 of the Shoals)
 39508 | Shoals:4 | Received a gift from Okawaru
 39515 | Shoals:4 | Got an ichor-stained short sword {god gift}
 39527 | Shoals:4 | Identified the +3 short sword of Courage {freeze, Str-4} (Okawaru gifted it to you on level 4 of the Shoals)
 39744 | Shoals:4 | Reached skill level 15 in Armour
 39759 | Shoals:4 | Found Smublauc's Magic Scroll Emporium.
 39890 | Shoals:5 | Entered Level 5 of the Shoals
 39993 | Shoals:5 | Noticed Ilsuiw
 40144 | Shoals:5 | Killed Ilsuiw
 40617 | Shoals:5 | Received a gift from Okawaru
 41468 | Snake:3  | Cast into the Abyss (a distortion unwield)
 41468 | Abyss:1  | Found a corrupted altar of Lugonu.
 41469 | Abyss:1  | Noticed a tentacled starspawn
 41480 | Abyss:1  | Killed a tentacled starspawn
 41922 | Abyss:3  | Gained mutation: Armour fits poorly on your strangely shaped body. [a neqoxec]
 41973 | Abyss:3  | Reached XP level 22. HP: 79/123 MP: 32/32
 42001 | Abyss:3  | Reached skill level 16 in Armour
 42503 | Abyss:3  | Found a corrupted altar of Lugonu.
 42818 | Abyss:5  | Entered Level 5 of the Abyss
 42992 | Abyss:5  | Found a corrupted altar of Lugonu.
 43030 | Abyss:5  | Found an ancient bone altar of Kikubaaqudgha.
 43033 | Abyss:5  | Found a corrupted altar of Lugonu.
 43272 | Abyss:5  | Received a gift from Okawaru
 43273 | Abyss:5  | Got a twisted cutlass {god gift}
 43276 | Abyss:5  | Identified the +4 cutlass "Meedi" {venom, rF+ Str+2} (Okawaru gifted it to you on level 5 of the Abyss)
 43579 | Abyss:5  | Reached skill level 15 in Dodging
 43822 | Abyss:5  | Gained mutation: Your spells are a little easier to cast, but a little less powerful. [a neqoxec]
 44044 | Abyss:5  | Noticed an ancient lich
 44073 | Abyss:5  | Killed an ancient lich
 44278 | Abyss:5  | Received a gift from Okawaru
 44278 | Abyss:5  | Reached XP level 23. HP: 129/129 MP: 28/28
 44979 | Abyss:5  | Reached skill level 17 in Armour
 45052 | Abyss:5  | Got an abyssal rune of Zot
 45209 | Snake:3  | Escaped the Abyss
 45662 | Vaults:1 | Entered Level 1 of the Vaults
 45934 | Vaults:1 | Got a pitted short sword
 45935 | Vaults:1 | Identified the +4 short sword "Khung" {slice, SInv} (You found it on level 1 of the Vaults)
 46050 | Vaults:1 | Noticed Norris
 46090 | Vaults:1 | Killed Norris
 46800 | Vaults:2 | Found a flickering gateway to a bazaar.
 46808 | Bazaar   | Entered a bazaar
 46810 | Bazaar   | Found Inaurgh Ginish's Food Boutique.
 46813 | Bazaar   | Found Ghias' Antique Weapon Boutique.
 46814 | Bazaar   | Found Sil Mauz's Armour Boutique.
 46814 | Bazaar   | Found Klarghah's General Store.
 46855 | Bazaar   | Bought a potion of cure mutation for 630 gold pieces
 46855 | Bazaar   | Bought a potion of cancellation for 99 gold pieces
 46866 | Bazaar   | Bought the +2 cloak of Shaed {Str-2 Dex+4 Int+1} for 250 gold pieces
 46882 | Bazaar   | Bought a royal jelly for 12 gold pieces
 46882 | Bazaar   | Bought a bread ration for 30 gold pieces
 46882 | Bazaar   | Bought a meat ration for 30 gold pieces
 46882 | Bazaar   | Bought a beef jerky for 9 gold pieces
 46882 | Bazaar   | Bought a meat ration for 30 gold pieces
 46882 | Bazaar   | Bought a bread ration for 30 gold pieces
 46882 | Bazaar   | Bought a meat ration for 30 gold pieces
 46882 | Bazaar   | Bought a bread ration for 30 gold pieces
 46882 | Bazaar   | Bought a slice of pizza for 9 gold pieces
 46882 | Bazaar   | Bought a bread ration for 30 gold pieces
 46882 | Bazaar   | Bought a beef jerky for 9 gold pieces
 46882 | Bazaar   | Bought a meat ration for 30 gold pieces
 46882 | Bazaar   | Bought a beef jerky for 9 gold pieces
 46882 | Bazaar   | Bought a meat ration for 30 gold pieces
 47730 | Vaults:2 | Received a gift from Okawaru
 47848 | Vaults:2 | Found a staircase to the Crypt.
 48322 | Vaults:3 | Reached XP level 24. HP: 126/136 MP: 33/33
 48536 | Vaults:3 | Reached skill level 5 in Spellcasting
 49585 | Vaults:4 | Found Kligg's Jewellery Boutique.
 49600 | Vaults:4 | Bought the amulet of the Republic {rMut Str+3 Dex-5} for 856 gold pieces
 49600 | Vaults:4 | Bought the ring of Oxko {rF+ rC+ Dex+3 Stlth+} for 962 gold pieces
 49622 | Vaults:4 | Received a gift from Okawaru
 49654 | Vaults:4 | Got an ancient cutlass {god gift}
 49655 | Vaults:4 | Identified the +8 cutlass of Invincibility {slice, Str+4} (Okawaru gifted it to you on level 4 of the Vaults)
 50427 | Vaults:4 | Received a gift from Okawaru
 50441 | Vaults:4 | Got a twisted plate armour {god gift}
 50454 | Vaults:4 | Identified the +7 plate armour "Thrammoi" {Slay+2} (Okawaru gifted it to you on level 4 of the Vaults)
 51096 | Vaults:5 | Entered Level 5 of the Vaults
 51154 | Vaults:5 | Reached skill level 18 in Armour
 51209 | Vaults:5 | Reached XP level 25. HP: 58/140 MP: 34/34
 51392 | Vaults:5 | Found Ghamep's Magic Scroll Shoppe.
 52295 | Vaults:5 | Reached skill level 10 in Charms
 52471 | Vaults:5 | Received a gift from Okawaru
 52618 | Vaults:5 | Found Sakeink's Magic Scroll Shoppe.
 52622 | Vaults:5 | Bought a scroll of magic mapping for 80 gold pieces
 52622 | Vaults:5 | Bought a scroll of teleportation for 69 gold pieces
 52622 | Vaults:5 | Bought a scroll of magic mapping for 80 gold pieces
 52622 | Vaults:5 | Bought a scroll of enchant armour for 172 gold pieces
 52818 | Vaults:5 | Received a gift from Okawaru
 52830 | Vaults:5 | Got a silver rune of Zot
 52839 | Vaults:5 | Found Xupt's Food Shop.
 52847 | Vaults:5 | Found Cositt's Food Shoppe.
 52917 | Vaults:5 | Found Caeruegh's Antique Armour Shop.
 52929 | Vaults:5 | Found Ibetel's Jewellery Shop.
 52944 | Vaults:5 | Found Zodum's Magic Scroll Shoppe.
 53624 | Vaults:5 | Received a gift from Okawaru
 53689 | Vaults:5 | Found Usuniram's Magic Scroll Shoppe.
 53865 | Vaults:5 | Upgraded the game from 0.16-a0-253-g996e5b4 to 0.16-a0-259-g9aa467b
 53933 | Vaults:4 | Bought an uncursed amulet of stasis for 350 gold pieces
 54459 | Lair:1   | Lost mutation: You can breathe flames. [potion of cure mutation]
 54459 | Lair:1   | Lost mutation: You are highly resistant to hostile enchantments. [potion of cure mutation]
 54459 | Lair:1   | Lost mutation: You are resistant to hostile enchantments. [potion of cure mutation]
 54459 | Lair:1   | Lost mutation: Armour fits poorly on your strangely shaped body. [potion of cure mutation]
 54459 | Lair:1   | Lost mutation: Your spells are a little easier to cast, but a little less powerful. [potion of cure mutation]
 55100 | Depths:1 | Entered Level 1 of the Depths
 55109 | Depths:1 | Reached skill level 5 in Air Magic
 55159 | Depths:1 | Reached XP level 26. HP: 145/145 MP: 35/35
 55279 | Depths:1 | Found Weac's Book Shoppe.
 55340 | Depths:1 | Found Stryttel's Book Boutique.
 55389 | Depths:1 | Found Vozaudwe's Magic Scroll Shoppe.
 55454 | Depths:1 | Bought a scroll of blinking for 150 gold pieces
 55454 | Depths:1 | Bought a scroll of magic mapping for 70 gold pieces
 55454 | Depths:1 | Bought a scroll of teleportation for 60 gold pieces
 55454 | Depths:1 | Bought a scroll of fog for 40 gold pieces
 55461 | Depths:1 | Found Phau's Armour Emporium.
 55469 | Depths:1 | Phau's Armour Emporium was a mimic.
 55531 | Depths:1 | Found Psodoado's Weapon Shoppe.
 55578 | Depths:1 | Found a gateway to Hell.
 55812 | Depths:1 | Found a sparkling altar of Nemelex Xobeh.
 55925 | Depths:2 | Received a gift from Okawaru
 56255 | Depths:2 | Reached skill level 19 in Shields
 56316 | Depths:2 | Received a gift from Okawaru
 56412 | Depths:2 | Received a gift from Okawaru
 56658 | Depths:2 | Received a gift from Okawaru
 57197 | Depths:3 | Found a one-way gate leading to the halls of Pandemonium.
 57741 | Depths:3 | Reached XP level 27. HP: 149/149 MP: 35/35
 57916 | Depths:3 | Noticed Frederick
 57932 | Depths:3 | Killed Frederick
 58237 | Depths:4 | Received a gift from Okawaru
 58356 | Depths:4 | Found a one-way gate to the infinite horrors of the Abyss.
 58826 | Depths:4 | Reached skill level 10 in Air Magic
 59188 | Depths:4 | Received a gift from Okawaru
 59717 | Depths:5 | Entered Level 5 of the Depths
 60084 | Depths:5 | Found a gateway to a ziggurat.
 60191 | Depths:5 | Found a gate to the Realm of Zot.
 60272 | Depths:5 | Reached skill level 20 in Shields
 60420 | Depths:5 | Noticed Sojobo
 60446 | Depths:5 | Killed Sojobo
 60804 | Depths:5 | Received a gift from Okawaru
 60807 | Depths:5 | Got an ancient large shield {god gift}
 60808 | Depths:5 | Identified the +2 large shield of Repulsion {rF++} (Okawaru gifted it to you on level 5 of the Depths)
 61311 | Lair:1   | Learned a level 6 spell: Deflect Missiles
 61416 | Lair:1   | Learned a level 5 spell: Silence
 61550 | Temple   | Fell from the grace of Okawaru
 61550 | Temple   | Became a worshipper of the Shining One
 62040 | Crypt:1  | Entered Level 1 of the Crypt
 62207 | Crypt:1  | Acquired the Shining One's first power
 62207 | Crypt:1  | Reached skill level 1 in Hexes
 62428 | Crypt:1  | Noticed Jorgrun
 62443 | Crypt:1  | Killed Jorgrun
 62662 | Crypt:1  | Acquired the Shining One's second power
 63506 | Crypt:3  | Entered Level 3 of the Crypt
 63668 | Crypt:3  | Found an ancient bone altar of Kikubaaqudgha.
 63692 | Crypt:3  | Acquired the Shining One's third power
 63890 | Crypt:3  | Reached skill level 5 in Hexes
 63940 | Crypt:3  | Acquired the Shining One's fourth power
 64227 | Crypt:3  | Found a staircase to the Tomb.
 64227 | Crypt:3  | Noticed Khufu
 64253 | Crypt:3  | Killed Khufu
 64572 | Crypt:3  | Got a transparent brass ring
 64575 | Crypt:3  | Identified Sif Muna's Collected Works on Damaging Air
 64577 | Crypt:3  | Identified the ring "Siwnaoh" {EV+4 Str-3 Dex+4} (You found it on level 3 of the Crypt)
 65125 | Hell     | Entered the Vestibule of Hell
 65125 | Hell     | Noticed Geryon
 65253 | Hell     | Killed Geryon
 65294 | Hell     | Found a gateway to the freezing wastes of Cocytus.
 65531 | Hell     | Found a gateway to the Iron City of Dis.
 65647 | Hell     | Found a gateway to the decaying netherworld of Tartarus.
 65721 | Hell     | Noticed Murray
 65735 | Hell     | Killed Murray
 65789 | Hell     | Found a gateway to the ashen valley of Gehenna.
 69806 | Pan      | Entered the realm of Lom Lobon.
 69806 | Pan      | Entered Pandemonium
 69855 | Pan      | Found an exit through the horrors of the Abyss.
 70328 | Pan      | Noticed Lom Lobon
 70489 | Pan      | Killed Lom Lobon
 70489 | Pan      | Reached skill level 10 in Hexes
 70540 | Pan      | Got a magical rune of Zot
 71106 | Pan      | Noticed Wuoka the pandemonium lord
 71139 | Pan      | Killed Wuoka the pandemonium lord
 71369 | Pan      | Found a gateway to a ziggurat.
 71437 | Pan      | Gained mutation: You tend to lose your temper in combat. [a cacodemon]
 71600 | Pan      | Found an exit through the horrors of the Abyss.
 71631 | Pan      | Reached skill level 10 in Spellcasting
 72059 | Zig:1    | Entered Level 1 of a ziggurat
 72233 | Zig:2    | Entered Level 2 of a ziggurat
 72284 | Zig:3    | Entered Level 3 of a ziggurat
 72328 | Zig:3    | Identified the Papyrus of Toxic Transformation
 72339 | Zig:4    | Entered Level 4 of a ziggurat
 72441 | Zig:5    | Entered Level 5 of a ziggurat
 72511 | Zig:6    | Entered Level 6 of a ziggurat
 72581 | Zig:6    | Identified a +5 rod of ignition (9/9) (You found it on level 6 of a ziggurat)
 72594 | Zig:7    | Entered Level 7 of a ziggurat
 72691 | Zig:8    | Entered Level 8 of a ziggurat
 72812 | Zig:9    | Entered Level 9 of a ziggurat
 72916 | Zig:9    | Identified a +2 pair of boots of running (You found it on level 9 of a ziggurat)
 72942 | Zig:10   | Entered Level 10 of a ziggurat
 73006 | Zig:10   | Reached skill level 21 in Shields
 73044 | Zig:10   | HP: 7/149 [poisoned by a swamp dragon (poison gas)]
 73049 | Zig:10   | HP: 5/149 [poisoned by a swamp dragon (poison gas)]
 73054 | Zig:10   | HP: 5/149 [poisoned by a swamp dragon (poison gas)]
 73060 | Zig:10   | HP: 7/149 [poisoned by a swamp dragon (poison gas)]
 73242 | Zig:10   | Learned a level 3 spell: Spectral Weapon
 73253 | Zig:10   | Got a sparkling bone amulet
 73255 | Zig:10   | Identified the amulet "Psej" {Faith rElec Str+1} (You found it on level 10 of a ziggurat)
 73260 | Zig:11   | Entered Level 11 of a ziggurat
 73358 | Zig:11   | Identified the Collected Works on Damage Dealing
 73408 | Zig:12   | Entered Level 12 of a ziggurat
 73535 | Zig:12   | Reached skill level 22 in Shields
 73572 | Zig:12   | Identified Kluikyg's Disquisition on the Spatial Escort
 73583 | Zig:12   | Gained mutation: Your muscles are strong. (Str +2) [potion of beneficial mutation]
 73655 | Zig:13   | Entered Level 13 of a ziggurat
 73693 | Zig:13   | Noticed Kiopn the pandemonium lord
 73766 | Zig:13   | Killed Kiopn the pandemonium lord
 73864 | Zig:13   | Identified the Compendium of Terror
 73870 | Zig:14   | Entered Level 14 of a ziggurat
 74026 | Zig:14   | Reached skill level 23 in Shields
 74182 | Zig:14   | Got an ancient large shield
 74183 | Zig:14   | Identified the +4 large shield of the Evening {MR+} (You found it on level 14 of a ziggurat)
 74186 | Zig:14   | Got a faintly glowing jade amulet
 74194 | Zig:14   | Identified the amulet "Ilut" {Faith Stlth--} (You found it on level 14 of a ziggurat)
 74205 | Zig:14   | Identified Sif Muna's Grimoire of Flamy Conjuration
 74217 | Zig:15   | Entered Level 15 of a ziggurat
 74538 | Pan      | Was forgiven by Okawaru
 75172 | Pan      | Found an exit through the horrors of the Abyss.
 75711 | Pan      | Got a pair of warped gloves
 75712 | Pan      | Identified the +2 pair of gloves of the Sparrow {+Blink rC+ Slay+3 SInv} (You found it in Pandemonium)
 75810 | Pan      | Reached skill level 24 in Shields
 76041 | Pan      | Gained mutation: You are frail (-10% HP). [a neqoxec]
 76177 | Pan      | Gained mutation: You are very frail (-20% HP). [a cacodemon]
 76205 | Pan      | Found an exit through the horrors of the Abyss.
 76291 | Pan      | Noticed Gipnolo the pandemonium lord
 76317 | Pan      | Killed Gipnolo the pandemonium lord
 76359 | Pan      | Found a basalt altar of Yredelemnul.
 76775 | Pan      | Found an exit through the horrors of the Abyss.
 77129 | Pan      | Noticed Seiteh the pandemonium lord
 77164 | Pan      | Killed Seiteh the pandemonium lord
 77336 | Pan      | Reached skill level 25 in Shields
 77378 | Pan      | Entered the realm of Gloorx Vloq.
 77391 | Pan      | Identified Sif Muna's Handbook of Greatest Risks and Utility
 77414 | Pan      | Reached skill level 1 in Evocations
 77433 | Pan      | Found an exit through the horrors of the Abyss.
 77762 | Pan      | Reached skill level 5 in Evocations
 77793 | Pan      | Noticed Gloorx Vloq
 77818 | Pan      | Killed Gloorx Vloq
 78279 | Pan      | Got a dark rune of Zot
 78551 | Pan      | Found a glowing silver altar of Zin.
 78620 | Pan      | Lost mutation: You tend to lose your temper in combat. [potion of cure mutation]
 78620 | Pan      | Lost mutation: Your muscles are strong. (Str +2) [potion of cure mutation]
 78620 | Pan      | Lost mutation: You are very frail (-20% HP). [potion of cure mutation]
 78620 | Pan      | Lost mutation: You are frail (-10% HP). [potion of cure mutation]
 78725 | Pan      | Got a faintly glowing large shield
 78736 | Pan      | Identified the cursed -4 large shield "Horejexy" {rPois MR+} (You took it off a daeva in Pandemonium)
 79104 | Pan      | Found a glowing golden altar of the Shining One.
 79156 | Pan      | Got a steaming steel ring
 79159 | Pan      | Got a demonic rune of Zot
 79337 | Pan      | Reached skill level 10 in Invocations
 79354 | Pan      | Identified the ring "Dikhy" {SustAb rF-} (You took it off a cherub in Pandemonium)
 80618 | Pan      | Found a white marble altar of Elyvilon.
 81418 | Pan      | Noticed Twegoink the pandemonium lord
 81447 | Pan      | Killed Twegoink the pandemonium lord
 81551 | Pan      | Found an exit through the horrors of the Abyss.
 81714 | Pan      | Found an exit through the horrors of the Abyss.
 81969 | Pan      | Found an exit through the horrors of the Abyss.
 82034 | Pan      | Found an exit through the horrors of the Abyss.
 82115 | Pan      | Entered the realm of Mnoleg.
 82383 | Pan      | Found an ancient bone altar of Kikubaaqudgha.
 82434 | Pan      | Found an exit through the horrors of the Abyss.
 82663 | Pan      | Noticed Mnoleg
 82711 | Pan      | Killed Mnoleg
 82717 | Pan      | Got a glowing rune of Zot
 82873 | Pan      | Found a burning altar of Makhleb.
 82928 | Pan      | Noticed Gaittaxa the pandemonium lord
 82957 | Pan      | Killed Gaittaxa the pandemonium lord
 83004 | Pan      | Noticed Isyunnikh the pandemonium lord
 83006 | Pan      | Gained mutation: You are dopey. (Int -2) [a cacodemon]
 83018 | Pan      | Paralysed by a giant eyeball for 3 turns
 83024 | Pan      | Paralysed by a giant eyeball for 3 turns
 83027 | Pan      | Gained mutation: Your body is slowly deteriorating. [a cacodemon]
 83028 | Pan      | Paralysed by a giant eyeball for 2 turns
 83068 | Pan      | Killed Isyunnikh the pandemonium lord
 83352 | Pan      | Noticed Jihioq the pandemonium lord
 83360 | Pan      | Killed Jihioq the pandemonium lord
 83360 | Pan      | Reached skill level 15 in Invocations
 83789 | Pan      | Found an exit through the horrors of the Abyss.
 84411 | Pan      | Noticed Tunnoargh the pandemonium lord
 84436 | Pan      | Killed Tunnoargh the pandemonium lord
 84633 | Pan      | Found an exit through the horrors of the Abyss.
 84708 | Pan      | Noticed Thoanuum the pandemonium lord
 84733 | Pan      | Killed Thoanuum the pandemonium lord
 84756 | Pan      | Found an exit through the horrors of the Abyss.
 85020 | Pan      | Found an exit through the horrors of the Abyss.
 85297 | Pan      | Noticed Diruiss the pandemonium lord
 85314 | Pan      | Killed Diruiss the pandemonium lord
 85403 | Pan      | Took an exit into the Abyss.
 85403 | Abyss:1  | Escaped into the Abyss
 85424 | Abyss:1  | Paralysed by accursed screaming for 1 turns
 85445 | Abyss:1  | Paralysed by accursed screaming for 2 turns
 85500 | Depths:3 | Escaped the Abyss
 85559 | Pan      | Entered Pandemonium
 85592 | Pan      | Lost mutation: Your body is slowly deteriorating. [potion of cure mutation]
 85592 | Pan      | Lost mutation: You are dopey. (Int -2) [potion of cure mutation]
 85723 | Pan      | Found an exit through the horrors of the Abyss.
 85742 | Pan      | Found a gateway to a ziggurat.
 85743 | Pan      | Noticed an ancient lich
 85824 | Pan      | Killed an ancient lich
 85824 | Pan      | Reached skill level 1 in Transmutations
 85824 | Pan      | Reached skill level 1 in Earth Magic
 85851 | Zig:1    | Entered Level 1 of a ziggurat
 85884 | Zig:2    | Entered Level 2 of a ziggurat
 85920 | Zig:3    | Entered Level 3 of a ziggurat
 85966 | Zig:4    | Entered Level 4 of a ziggurat
 86008 | Zig:5    | Entered Level 5 of a ziggurat
 86119 | Zig:6    | Entered Level 6 of a ziggurat
 86187 | Zig:7    | Entered Level 7 of a ziggurat
 86248 | Zig:7    | Got a pitted lead ring
 86249 | Zig:7    | Identified the ring "Heabraca" {Int+2 Stlth+} (You found it on level 7 of a ziggurat)
 86262 | Zig:8    | Entered Level 8 of a ziggurat
 86334 | Zig:8    | Reached skill level 5 in Transmutations
 88424 | Zig:9    | Entered Level 9 of a ziggurat
 88456 | Zig:9    | Reached skill level 5 in Earth Magic
 88512 | Zig:9    | Identified Lee's Almanac of the Mountains
 88526 | Zig:9    | Got a sparkling lapis lazuli ring
 88527 | Zig:9    | Identified the ring of Suspected Treachery {rF++ MP+9 Stlth--} (You found it on level 9 of a ziggurat)
 88539 | Zig:10   | Entered Level 10 of a ziggurat
 88672 | Zig:11   | Entered Level 11 of a ziggurat
 88685 | Zig:11   | Noticed Detzug the pandemonium lord
 88707 | Zig:11   | Killed Detzug the pandemonium lord
 88808 | Zig:11   | Identified a +6 rod of ignition (10/10) (You found it on level 11 of a ziggurat)
 88815 | Zig:11   | Identified a +2 rod of shadows (12/12) (You found it on level 11 of a ziggurat)
 88829 | Zig:11   | Got a pair of polished gloves
 88834 | Zig:11   | Got a crystal short sword
 88837 | Zig:11   | Identified the +2 short sword "Zabbywon" {drain, Dex-2} (You found it on level 11 of a ziggurat)
 88850 | Zig:11   | Identified the +0 pair of gloves of the Turtle {MR+} (You found it on level 11 of a ziggurat)
 88867 | Zig:12   | Entered Level 12 of a ziggurat
 89026 | Zig:12   | Identified the Collected Works on Shape Shifting and Orientation
 89074 | Zig:13   | Entered Level 13 of a ziggurat
 89273 | Zig:14   | Entered Level 14 of a ziggurat
 89285 | Zig:14   | Noticed an ancient lich
 89366 | Zig:14   | Killed an ancient lich
 89445 | Zig:14   | Identified the Collected Works on Frigorific Air
 89450 | Zig:15   | Entered Level 15 of a ziggurat
 89544 | Zig:15   | Identified a +2 rod of ignition (13/13) (You found it on level 15 of a ziggurat)
 89562 | Zig:15   | Got a distressingly furry cloak
 89565 | Zig:15   | Identified the cursed -1 cloak "Haybrosh" {Int-3} (You found it on level 15 of a ziggurat)
 89614 | Zig:16   | Entered Level 16 of a ziggurat
 89627 | Zig:16   | Noticed an orb of fire
 89630 | Zig:16   | Noticed an orb of fire
 89642 | Zig:16   | Killed an orb of fire
 89642 | Zig:16   | Reached skill level 10 in Transmutations
 89647 | Zig:16   | Noticed an orb of fire
 89663 | Zig:16   | Noticed an orb of fire
 89663 | Zig:16   | Killed an orb of fire
 89663 | Zig:16   | Reached skill level 10 in Earth Magic
 89683 | Zig:16   | Noticed an orb of fire
 89698 | Zig:16   | Killed an orb of fire
 89724 | Zig:16   | Killed an orb of fire
 89745 | Zig:16   | Killed an orb of fire
 89830 | Zig:17   | Entered Level 17 of a ziggurat
 89856 | Zig:17   | Noticed an ancient lich
 89924 | Zig:17   | Killed an ancient lich
 90233 | Zig:18   | Entered Level 18 of a ziggurat
 90508 | Zig:19   | Entered Level 19 of a ziggurat
 90641 | Zig:19   | Slain by a ghost moth

Action                   |  1- 3 |  4- 6 |  7- 9 | 10-12 | 13-15 | 16-18 | 19-21 | 22-24 | 25-27 || total
-------------------------+-------+-------+-------+-------+-------+-------+-------+-------+-------++-------
Melee: Cutlass           |   153 |   213 |   337 |       |       |       |       |       |       ||   703
       Short sword       |       |       |   117 |  1331 |     4 |       |       |       |       ||  1452
       Quick blade       |       |       |       |       |  2283 |  1845 |  1807 |  2073 |  9786 || 17794
       Unarmed           |       |       |       |       |       |     3 |       |       |       ||     3
       Rod               |       |       |       |       |       |       |       |       |    59 ||    59
 Cast: Summon Butterflie |       |       |       |       |       |       |    11 |       |       ||    11
       Apportation       |       |       |       |       |       |       |     3 |       |       ||     3
       Flight            |       |       |       |       |       |       |    14 |     6 |    15 ||    35
       Haste             |       |       |       |       |       |       |       |       |    12 ||    12
       Deflect Missiles  |       |       |       |       |       |       |       |       |     8 ||     8
       Cure Poison       |       |       |       |       |       |       |       |       |     6 ||     6
       Spectral Weapon   |       |       |       |       |       |       |       |       |     3 ||     3
       Silence           |       |       |       |       |       |       |       |       |     1 ||     1
Invok: Heroism           |       |       |       |     9 |    12 |     5 |    14 |    12 |     8 ||    60
       Finesse           |       |       |       |     1 |     1 |     1 |     1 |     3 |       ||     7
       Cleansing Flame   |       |       |       |       |       |       |       |       |    19 ||    19
 Abil: Evoke Blink       |       |       |       |       |       |       |       |       |     1 ||     1
Evoke: Wand              |       |       |     8 |     4 |     1 |     2 |    10 |     2 |     7 ||    34
       Deck              |       |       |       |       |     2 |     9 |       |       |    10 ||    21
       Rod               |       |       |       |       |       |       |       |     6 |     4 ||    10
  Use: Scroll            |       |       |     9 |     3 |    14 |     5 |     8 |     9 |    59 ||   107
       Potion            |       |       |       |    11 |     4 |     1 |     1 |     1 |    12 ||    30
 Stab: Sleeping          |       |       |       |     3 |     7 |     3 |     1 |     6 |     8 ||    28
       Distracted        |       |       |       |       |     1 |       |       |     4 |     6 ||    11
       Invisible         |       |       |       |       |       |     1 |       |       |       ||     1
       Paralysed         |       |       |       |       |       |       |     9 |       |       ||     9
       Petrifying        |       |       |       |       |       |       |     8 |       |       ||     8
       Confused          |       |       |       |       |       |       |     3 |       |       ||     3
       Petrified         |       |       |       |       |       |       |     1 |       |     1 ||     2
  Eat: Chunk             |       |     9 |     9 |    20 |    38 |    45 |    37 |    29 |    75 ||   262
       Beef jerky        |       |       |     1 |       |       |       |       |       |    22 ||    23
       Pizza             |       |       |     1 |     1 |     1 |     1 |       |     4 |     9 ||    17
       Fruit             |       |       |       |     1 |     2 |       |       |       |    30 ||    33
       Meat ration       |       |       |       |       |       |       |       |       |     2 ||     2
